 Dungeon Crawl Stone Soup version 0.22-a0-21-g9421e3f (webtiles) character file.

98 TheDeThijs the Chopper (level 4, 0/41 HPs)
             Began as a Hill Orc Fighter on Jan 1, 2018.
             Succumbed to a kobold's poison
             ... on level 3 of the Dungeon on Jan 2, 2018.
             The game lasted 00:08:05 (1699 turns).

TheDeThijs the Chopper (Hill Orc Fighter)           Turns: 1699, Time: 00:08:05

Health: 0/41       AC:  6    Str: 18 (19) XL:     4   Next: 69%
Magic:  4/4        EV:  7    Int:  7 (8)  God:
Gold:   96         SH:  8    Dex:  8 (10) Spells: 3/3 levels left

rFire    . . .     SeeInvis .   a - +0 war axe
rCold    . . .     Gourm    .   c - +0 shield
rNeg     . . .     Faith    .   b - +0 scale mail
rPois    .         Spirit   .   (no helmet)
rElec    .         Reflect  .   (no cloak)
rCorr    .         Harm     .   (no gloves)
MR       .....                  (no boots)
Stlth    ..........             (no amulet)
HPRegen  0.13/turn              (no ring)
MPRegen  0.09/turn              (no ring)

@: lethally poisoned (0 -> -12), berserk cooldown
A: no striking features
a: no special abilities


You were on level 3 of the Dungeon.
You were near starving.

You visited 1 branch of the dungeon, and saw 3 of its levels.

You collected 96 gold pieces.

Inventory:

Hand Weapons
 a - a +0 war axe (weapon)
Armour
 b - a +0 scale mail (worn)
 c - a +0 shield (worn)
 m - a +0 plate armour
Jewellery
 t - an uncursed amulet of harm
Scrolls
 g - a scroll of enchant weapon {unknown}
 h - 6 scrolls of identify
 i - 2 scrolls of fog {unknown}
 j - a scroll of teleportation {unknown}
 o - a scroll of magic mapping {unknown}
 q - a scroll of amnesia {unknown}
 u - a scroll of blinking {unknown}
Potions
 d - a potion of might
 e - a potion of mutation
Books
 k - a book of Minor Magic

   Spells                             Type                      Level
   a - Magic Dart                     Conjuration                  1
   b - Blink                          Translocation                2
   c - Call Imp                       Summoning                    2
   d - Slow                           Hexes                        2
   e - Conjure Flame                  Conjuration/Fire             3
   f - Mephitic Cloud                 Conjuration/Poison/Air       3
Comestibles
 f - 4 rations


   Skills:
 + Level 4.5 Fighting
 * Level 5.4 Axes
 - Level 3.2 Armour
 - Level 0.2 Stealth
 - Level 3.2 Shields


You had 3 spell levels left.
You didn't know any spells.

Dungeon Overview and Level Annotations

Branches:
Dungeon (3/15)

Altars:


Message History

* * * LOW HITPOINT WARNING * * *
You feel sick.
It was a potion of cancellation.
Your magical effects are unravelling.
You feel magically purged.
You feel yourself speed up.
You feel a little less agile now.
* * * LOW HITPOINT WARNING * * *
You feel sick.
The kobold shoots a poisoned needle.
The poisoned needle hits you!
You are more poisoned.
It was a potion of degeneration.
There was something very wrong with that liquid.
You feel weakened.
You feel dopey.
You feel clumsy.
* * * LOW HITPOINT WARNING * * *
You feel sick. The rat bites you but does no damage.
Unknown command.
It was a potion of magic.
Magic courses through your body.
* * * LOW HITPOINT WARNING * * *
You feel sick. The rat completely misses you.
You die...

### #.. ####.####
..#.... #####.#..#
#.#.<.†.#..#
#..........#######
#####.#).........#
#.#..@.......#
#.#...(......#
#.#...r......#
#.#...K......#
..##...K.....# ..
#.........#
#.........#
####.###+## #.###


You could see 2 kobolds and a rat.

Vanquished Creatures
  4 adders
  2 oozes (D:1)
  A worm (D:2)
  A dart slug (D:2)
  A leopard gecko (D:1)
  2 bats (D:1)
  4 giant cockroaches
  4 goblins
  6 hobgoblins
  7 jackals
  A ball python (D:1)
  9 kobolds
  5 rats
47 creatures vanquished.

Notes
Turn   | Place    | Note
-------+----------+-------------------------------------------
     0 | D:1      | TheDeThijs the Hill Orc Fighter began the quest for the Orb.
     0 | D:1      | Reached XP level 1. HP: 19/19 MP: 1/1
     0 | D:1      | Upgraded the game from 0.22-a0-3-g4fa69d9 to 0.22-a0-21-g9421e3f
    83 | D:1      | Reached skill level 3 in Axes
    96 | D:1      | Reached XP level 2. HP: 23/27 MP: 2/2
   205 | D:1      | Reached XP level 3. HP: 25/33 MP: 3/3
   216 | D:1      | Reached skill level 4 in Axes
   254 | D:1      | You fall through a shaft!
   732 | D:2      | Reached XP level 4. HP: 41/41 MP: 4/4
   906 | D:1      | Reached skill level 5 in Axes
  1697 | D:3      | HP: 2/41 [poisoned by a kobold]
  1699 | D:3      | Succumbed to a kobold's poison

Vault maps used:
D:1:      scummos_arrival_forest
D:2:      kennysheep_donut
D:3:      uniq_crazy_yiuf_cottage, uniq_natasha

Skill      XL: |  1  2  3  4 |
---------------+-------------+-----
Axes           | 3 4 5 |  5.4
Fighting       | 4 |  4.5
Armour         | |  3.2
Stealth        | |  0.2
Shields        | |  3.2

Action                   |  1- 3 |  4- 6 || total
-------------------------+-------+-------++-------
Melee: War axe           |    84 |    54 ||   138
  Use: Scroll            |     1 |     1 ||     2
       Potion            |       |     5 ||     5
  Eat: Chunk             |       |     1 ||     1
Armor: Scale mail        |    41 |    23 ||    64
Dodge: Dodged            |    28 |    18 ||    46
Block: Shield            |    48 |    27 ||    75

Table legend:
 A = Spawn XP
 B = Non-spawn XP
 C = Spawn XP percentage of total XP
 D = Spawn monster count
 E = Non-spawn monster count
 F = Spawn count percentage of total count
 G = Total turns spent on level
                    A         B        C        D         E        F      G
               +---------+---------+-------+---------+---------+-------+---------
         Total |       0 |     140 |   0.0 |       0 |      47 |   0.0 |  1699
               +---------+---------+-------+---------+---------+-------+---------
           D:1 |       0 |      50 |   0.0 |       0 |      24 |   0.0 |   611
           D:2 |       0 |      71 |   0.0 |       0 |      19 |   0.0 |   978
           D:3 |       0 |      19 |   0.0 |       0 |       4 |   0.0 |   110
               +---------+---------+-------+---------+---------+-------+---------
